 Dungeon Crawl Stone Soup version 0.21-a0-297-ga3d34c2 (webtiles) character file.

1261 4thArraOfDagon the Skirmisher (level 8, 3/67 HPs)
             Began as a Gnoll Fighter on Sept 28, 2017.
             Quit the game on level 6 of the Dungeon.
             The game lasted 00:07:53 (1420 turns).

4thArraOfDagon the Skirmisher (Gnoll Fighter)       Turns: 1420, Time: 00:07:54

Health: 3/67       AC: 10    Str: 18 (19) XL:     8   Next: 52%
Magic:  11/11      EV:  9    Int: 12      God:
Gold:   198        SH: 10    Dex: 13 (15) Spells: 12/12 levels left

rFire    + . .     SeeInvis .   a - +0 war axe
rCold    . . .     Gourm    .   c - +0 shield
rNeg     . . .     Faith    .   b - +0 scale mail
rPois    .         Spirit   .   G - +0 helmet
rElec    .         Reflect  .   i - scarf {cloud immunity}
rCorr    .         Harm     .   E - +0 pair of gloves
MR       .....                  (no boots)
Stlth    +.........             (no amulet)
HPRegen  0.21/turn              x - ring of protection from fire
MPRegen  0.12/turn              (no ring)

@: no status effects
A: distributed training, fangs 1, strong nose
a: no special abilities


You were on level 6 of the Dungeon.
You were not hungry.

You visited 1 branch of the dungeon, and saw 7 of its levels.

You collected 198 gold pieces.

Inventory:

Hand Weapons
 a - a +0 war axe (weapon)
Armour
 b - a +0 scale mail (worn)
 c - a +0 shield (worn)
 i - a scarf of cloud immunity (worn)
 E - a +0 pair of gloves (worn)
 G - a +0 helmet (worn)
Magical Staves
 l - an uncursed staff of power {unknown}
Jewellery
 x - a ring of protection from fire (left hand)
Wands
 m - a wand of paralysis (0/24)
 y - a wand of digging (9/24)
 B - a wand of polymorph (12/24)
 D - a wand of acid (0/15)
Scrolls
 e - a scroll of acquirement {unknown}
 h - 2 scrolls of teleportation
 o - a scroll of immolation {unknown}
 r - a scroll of amnesia {unknown}
 s - a scroll of enchant weapon {unknown}
 t - a scroll of fear {unknown}
 u - a scroll of recharging {unknown}
 z - a scroll of magic mapping {unknown}
 A - a scroll of noise {unknown}
 F - a scroll of remove curse
Potions
 d - a potion of might
 k - a potion of invisibility
 n - 2 potions of degeneration
Comestibles
 f - 3 bread rations
 g - 2 royal jellies
 q - 2 meat rations
 C - a fruit


   Skills:
 + Level 7.4 Fighting
 + Level 4.0 Short Blades
 + Level 2.6 Long Blades
 + Level 5.8 Axes
 + Level 3.1 Maces & Flails
 + Level 2.8 Polearms
 + Level 2.8 Staves
 + Level 4.4 Slings
 + Level 3.7 Bows
 + Level 3.5 Crossbows
 + Level 3.5 Throwing
 + Level 6.8 Armour
 + Level 2.6 Dodging
 + Level 3.1 Stealth
   Level 0.0 Stabbing
 + Level 7.0 Shields
   Level 0.0 Traps
 + Level 4.5 Unarmed Combat
 + Level 2.6 Spellcasting
 + Level 3.1 Conjurations
 + Level 3.1 Hexes
 + Level 2.6 Charms
 + Level 3.5 Summonings
 + Level 2.8 Necromancy
 + Level 3.7 Translocations
 + Level 2.6 Transmutations
 + Level 2.3 Fire Magic
 + Level 2.8 Ice Magic
 + Level 4.0 Air Magic
 + Level 2.3 Earth Magic
 + Level 3.3 Poison Magic
 + Level 3.9 Invocations
 + Level 2.3 Evocations


You had 12 spell levels left.
You didn't know any spells.

Dungeon Overview and Level Annotations

Branches:
Dungeon (7/15)
 Temple: D:4-7

Altars:
Kikubaaqudgha
Okawaru
Sif Muna
Vehumet

Shops:
D:7 (

Annotations:
D:5 Prince Ribbit


Innate Abilities, Weirdness & Mutations

Your experience applies equally to all skills.
You have very sharp teeth.
Your uncanny sense of smell can sniff out nearby items.


Message History

There is an open door here.
Unknown command.
Unknown command.
A centaur comes into view.
The centaur shouts!
The centaur wields a shortbow.
The centaur shoots an arrow.
The arrow barely misses you.
You see here an arrow.
Unknown command.
The hound bites you but does no damage.
Unknown command.
Unknown command.
The centaur shoots an arrow.
The arrow hits you!
* * * LOW HITPOINT WARNING * * *
The hound bites you.
* * * LOW HITPOINT WARNING * * *
The centaur shoots an arrow.
The arrow hits you.
* * * LOW HITPOINT WARNING * * *
You see here 2 arrows.
Are you sure you want to abandon this character and quit the game? (Confirm with "yes".)

##..##...o.## ##....##
#oo#.......# #....>#
##o#.......### #....##
#..'...≈...'.# #...#.#
###..#.......#.##...###
#####....#.......#o(....#
.........##.....##Z....##
.>........###+###h....(#
#######.........@.......#
##.....[...######c..#
#....<....## #...#
#........## #...
#..####..## #.. #.# ##.#
#.# #.# #.# ## .#


You could see a centaur, a hound, an orc and a worker ant zombie.

Vanquished Creatures
  Grinder (D:4)
  Menkaure (D:7)
  An orc warrior (D:7)
  An ogre (D:5)
  2 centaurs
  A bullfrog (D:7)
  3 howler monkeys
  A crimson imp (D:6)
  3 hounds
  3 orc priests
  A bullfrog skeleton (D:5)
  3 worker ants
  A killer bee zombie (D:7)
  3 adders
  An ooze (D:6)
  A worm (D:4)
  4 dart slugs
  A leopard gecko (D:1)
  6 orcs
  12 giant cockroaches
  5 goblins
  3 hobgoblins
  11 jackals
  2 quokkas
  3 bats (D:2)
  A giant cockroach zombie (D:5)
  A kobold (D:3)
  4 rats
80 creatures vanquished.

Notes
Turn   | Place    | Note
-------+----------+-------------------------------------------
     0 | D:1      | 4thArraOfDagon the Gnoll Fighter began the quest for the Orb.
     0 | D:1      | Reached XP level 1. HP: 23/23 MP: 1/1
    26 | D:1      | Reached skill level 1 in Staves
    71 | D:2      | Reached skill level 1 in Bows
    71 | D:2      | Reached skill level 1 in Translocations
    80 | D:2      | Reached XP level 2. HP: 29/29 MP: 2/2
   201 | D:2      | Reached skill level 1 in Hexes
   217 | D:3      | Reached skill level 1 in Throwing
   231 | D:3      | Reached skill level 1 in Invocations
   231 | D:3      | Reached XP level 3. HP: 31/35 MP: 3/3
   242 | D:3      | Reached skill level 1 in Stealth
   253 | D:3      | Reached skill level 1 in Summonings
   303 | D:3      | Reached skill level 1 in Unarmed Combat
   303 | D:3      | Reached skill level 1 in Evocations
   305 | D:3      | Reached skill level 1 in Conjurations
   340 | D:4      | Found an iron altar of Okawaru.
   348 | D:4      | Reached skill level 1 in Necromancy
   348 | D:4      | Reached skill level 1 in Poison Magic
   348 | D:4      | Reached XP level 4. HP: 21/41 MP: 5/5
   350 | D:4      | Reached skill level 1 in Crossbows
   351 | D:4      | Reached skill level 5 in Axes
   351 | D:4      | Reached skill level 1 in Spellcasting
   351 | D:4      | Reached XP level 5. HP: 20/47 MP: 6/6
   372 | D:4      | Found a radiant altar of Vehumet.
   372 | D:4      | Found an ancient bone altar of Kikubaaqudgha.
   374 | D:4      | Found a deep blue altar of Sif Muna.
   379 | D:4      | Identified Vehumet's Almanac of Confrontation
   410 | D:4      | Reached skill level 1 in Long Blades
   410 | D:4      | Reached skill level 1 in Slings
   472 | D:3      | Reached skill level 1 in Earth Magic
   571 | D:3      | Reached skill level 1 in Transmutations
   645 | D:4      | Noticed Grinder
   645 | D:4      | Paralysed by Grinder for 6 turns
   670 | D:4      | Paralysed by Grinder for 6 turns
   676 | D:4      | Killed Grinder
   676 | D:4      | Reached skill level 1 in Fire Magic
   676 | D:4      | Reached skill level 1 in Ice Magic
   676 | D:4      | Reached XP level 6. HP: 14/53 MP: 6/8
   703 | D:4      | Reached skill level 1 in Dodging
   717 | D:5      | Entered Level 5 of the Dungeon
   763 | D:5      | Reached skill level 1 in Maces & Flails
   763 | D:5      | Reached XP level 7. HP: 46/59 MP: 8/10
   770 | D:5      | Noticed Prince Ribbit
  1120 | D:7      | Reached skill level 1 in Charms
  1130 | D:7      | Reached XP level 8. HP: 34/67 MP: 11/11
  1316 | D:7      | HP: 1/67 [orc warrior/glaive (11)]
  1343 | D:7      | Noticed Menkaure
  1365 | D:7      | Killed Menkaure
  1384 | D:7      | Noticed a hippogriff
  1387 | D:7      | Found Qeesmez's Antique Weapon Emporium.
  1419 | D:6      | HP: 3/67 [centaur/arrow (1)]
  1420 | D:6      | Quit the game

Vault maps used:
D:1:      dpeg_arrival_short_road, roderic_lattice_a
D:2:      grunt_temple_overflow_order_and_chaos_2,
          lemuel_coloured_pillars_altar, uniq_robin
D:3:      minmay_roachtagon, lemuel_doored_altar, uniq_sigmund
D:4:      grunt_temple_overflow_magic_moments, okawaru_ov_weapons_minmay,
          gammafunk_temple_overflow_arena, first_bread, kennysheep_another_room,
          uniq_blork_the_orc, uniq_grinder
D:5:      uniq_prince_ribbit1
D:6:      kennysheep_nub, grunt_ministairs_15, kennysheep_flooded_box
D:7:      minmay_temple_entry_glassed_door, serial_shops, shop_fountains,
          uniq_menkaure

Skill      XL: |  1  2  3  4  5  6  7  8 |
---------------+-------------------------+-----
Staves         | 1 2 |  2.8
Bows           | 1 2 3 |  3.7
Translocations | 1 2 3 |  3.7
Hexes          | 1 2 3 |  3.1
Throwing       | 1 2 3 |  3.5
Invocations    | 1 2 3 |  3.9
Stealth        | 1 2 3 |  3.1
Summonings     | 1 2 3 |  3.5
Unarmed Combat | 1 2 3 4 |  4.5
Evocations     | 1 2 |  2.3
Conjurations   | 1 2 3 |  3.1
Necromancy     | 1 2 |  2.8
Air Magic      | 2 3 4 |  4.0
Poison Magic   | 1 2 3 |  3.3
Crossbows      | 1 2 3 |  3.5
Axes           | 5 |  5.8
Spellcasting   | 1 2 |  2.6
Long Blades    | 1 2 |  2.6
Slings         | 2 3 4 |  4.4
Earth Magic    | 1 2 |  2.3
Transmutations | 1 2 |  2.6
Short Blades   | 2 3 4 |  4.0
Polearms       | 2 |  2.8
Fire Magic     | 1 2 |  2.3
Ice Magic      | 1 2 |  2.8
Dodging        | 1 2 |  2.6
Maces & Flails | 1 2 3 |  3.1
Fighting       | 7 |  7.4
Charms         | 1 2 |  2.6
Shields        | 7 |  7.0
Armour         | |  6.8

Action                   |  1- 3 |  4- 6 |  7- 9 || total
-------------------------+-------+-------+-------++-------
Melee: War axe           |    57 |    72 |   102 ||   231
       Bite              |     5 |     7 |     3 ||    15
Evoke: Wand              |       |       |     6 ||     6
  Use: Potion            |     1 |     2 |     7 ||    10
       Scroll            |       |     3 |     1 ||     4
 Stab: Paralysed         |       |       |     3 ||     3
       Invisible         |       |       |     1 ||     1
  Eat: Meat ration       |       |       |     1 ||     1
Armor: Scale mail        |    35 |    33 |    37 ||   105
       Skin              |       |       |     3 ||     3
Dodge: Dodged            |    23 |    28 |    35 ||    86
Block: Shield            |    56 |    43 |    68 ||   167

Table legend:
 A = Spawn XP
 B = Non-spawn XP
 C = Spawn XP percentage of total XP
 D = Spawn monster count
 E = Non-spawn monster count
 F = Spawn count percentage of total count
 G = Total turns spent on level
                    A         B        C        D         E        F      G
               +---------+---------+-------+---------+---------+-------+---------
         Total |       0 |    1802 |   0.0 |       0 |      80 |   0.0 |  1420
               +---------+---------+-------+---------+---------+-------+---------
           D:1 |       0 |       7 |   0.0 |       0 |       3 |   0.0 |    70
           D:2 |       0 |      19 |   0.0 |       0 |       9 |   0.0 |   144
           D:3 |       0 |      53 |   0.0 |       0 |      21 |   0.0 |   241
           D:4 |       0 |     491 |   0.0 |       0 |      20 |   0.0 |   262
           D:5 |       0 |     352 |   0.0 |       0 |      10 |   0.0 |   276
           D:6 |       0 |      58 |   0.0 |       0 |       2 |   0.0 |   116
           D:7 |       0 |     822 |   0.0 |       0 |      15 |   0.0 |   311
               +---------+---------+-------+---------+---------+-------+---------
